Map: Submarine LE

Players

jjs

  • Race: Zerg Zerg
  • League: Platinum
  • Spawn Location: 11:00

FLORENCIO - Winner!

  • Race: Protoss Protoss
  • League: Platinum
  • Spawn Location: 5:00

VOD

Have the link to the VOD?

Description

Time

  • Played on: Feb. 17, 2021, 4:59 p.m.
  • Length: 16:33
Show
View Real Time Build Order
Export as new Build Order

jjs Zerg 

Build Orders: Pool First 

Get SALT Encoding   

  12  0:03  Drone  
  13  0:08  Drone  
  14  0:16  Overlord  
  14  0:34  Drone x2  
  16  0:35  Drone  
  17  0:46  Drone  
  18  0:56  Drone  
  19  1:00  Spawning Pool  
  18  1:07  Drone  
  18  1:10  Extractor  
  18  1:18  Drone  
  19  1:28  Hatchery  
  18  1:34  Drone  
  19  1:59  Zergling x4  
  21  2:14  Overlord  
  21  2:20  Overlord  
  21  2:31  Queen  
  23  2:38  Drone x2  
  25  2:58  Roach Warren  
  25  2:59  Extractor  
  23  3:10  Drone x2  
  25  3:13  Hatchery  
  24  3:20  Drone x3  
  27  3:42  Spore Crawler  
  27  3:43  Queen  
  27  3:45  Drone  
  27  3:46  Drone x2  
  27  3:48  Drone  
  32  3:51  Drone  
  33  4:01  Overlord  
  33  4:02  Drone  
  34  4:10  Overlord  
  34  4:27  Drone, Queen  
  37  4:32  Drone  
  37  4:34  Roach x2  
  37  5:04  Drone x3  
  39  5:07  Ravager x2  
  39  5:08  Drone  
  39  5:09  Drone x2  
  39  5:12  Drone x4  
  48  5:27  Overlord  
  48  5:29  Lair  
  48  5:30  Drone  
  48  5:31  Drone x2  
  51  5:45  Queen  
  53  5:50  Hatchery  
  52  5:58  Extractor  
  52  6:00  Spore Crawler  
  50  6:06  Spore Crawler  
  49  6:15  Drone x2  
  49  6:16  Drone  
  49  6:17  Overlord  
  49  6:18  Overlord x3  
  52  6:40  Drone x3  
  52  6:45  Drone x3  
  52  6:46  Hydralisk Den  
  57  6:51  Evolution Chamber  
  57  6:52  Evolution Chamber  
  55  7:02  Drone x3  
  55  7:03  Extractor  
  55  7:05  Queen  
  57  7:17  Hatchery  
  54  7:36  Hydralisk x6  
  54  7:37  Hydralisk x5  
  71  8:00  Queen  
  71  8:06  Queen  
  73  8:15  Drone x6  
  73  8:19  Spore Crawler  
  78  8:21  Spore Crawler  
  78  8:26  Grooved Spines  
  77  8:27  Zerg Ground Armor Level 1  
  77  8:28  Zerg Missile Weapons Level 1, Hydralisk x2  
  77  8:29  Hydralisk  
  77  8:30  Overlord  
  83  8:38  Spore Crawler  
  82  8:42  Overseer  
  82  8:55  Hatchery  
  77  8:59  Glial Reconstitution  
  69  9:29  Queen  
  71  9:37  Hatchery  
  71  9:38  Muscular Augments  
  68  9:46  Lurker Den  
  68  9:52  Hatchery  
  67  10:08  Queen  
  67  10:12  Drone x2  
  67  10:13  Drone  
  72  10:26  Zerg Melee Weapons Level 1  
  73  10:55  Hatchery, Hydralisk  
  73  10:56  Hydralisk x5  
  84  11:04  Spire  
  84  11:09  Spore Crawler  
  82  11:20  Queen  
  82  11:24  Zerg Ground Armor Level 2  
  84  11:28  Pneumatized Carapace  
  84  11:29  Overlord  
  68  11:48  Spore Crawler  
  57  12:18  Drone x2, Queen  
  61  12:29  Corruptor x6  
  71  12:35  Zerg Missile Weapons Level 2  
  73  12:38  Hatchery  
  73  12:39  Drone  
  73  12:45  Spore Crawler  
  73  12:51  Queen  
  74  12:59  Zerg Flyer Armor Level 1  
  74  13:01  Drone  
  74  13:02  Drone x6  
  79  13:08  Roach x2  
  50  13:32  Roach x6  
  38  14:03  Drone x2  
  38  14:27  Drone  
  38  14:28  Drone  
  36  14:32  Ravager  
  37  14:41  Drone x5  
  42  14:57  Drone x2  
  42  14:58  Drone  
  45  15:26  Hatchery  
  44  15:30  Overseer  
  44  15:31  Queen  
Show
View Real Time Build Order
Export as new Build Order

FLORENCIO Protoss - Winner!

Build Orders:  

Get SALT Encoding   

  12  0:02  Probe  
  13  0:14  Probe  
  14  0:24  Pylon  
  14  0:26  Probe  
  15  0:42  Probe  
  16  0:49  Forge  
  16  0:53  Gateway  
  16  0:58  Pylon  
  16  1:03  Probe  
  17  1:27  Photon Cannon  
  17  1:28  Photon Cannon  
  17  1:35  Gateway  
  17  1:45  Pylon  
  17  1:50  Gateway  
  17  1:56  Pylon  
  17  1:57  Probe  
  18  2:04  Photon Cannon  
  18  2:16  Pylon  
  18  2:21  Photon Cannon  
  18  2:23  Photon Cannon  
  18  2:34  Zealot  
  20  2:41  Assimilator  
  20  2:43  Photon Cannon  
  20  2:45  Assimilator  
  20  2:48  Probe (Chrono Boost)  
  21  2:53  Pylon  
  21  3:02  Cybernetics Core  
  21  3:05  Pylon  
  21  3:09  Zealot  
  23  3:13  Probe (Chrono Boost)  
  24  3:25  Probe (Chrono Boost)  
  25  3:30  Probe (Chrono Boost)  
  26  3:36  Pylon  
  28  3:44  Probe  
  27  3:52  Stargate  
  27  3:56  Probe  
  28  4:07  Photon Cannon  
  28  4:11  Probe  
  29  4:33  Void Ray  
  33  4:56  Stargate  
  33  4:58  Nexus  
  31  5:06  Probe (Chrono Boost)  
  30  5:16  Probe (Chrono Boost)  
  30  5:17  Void Ray (Chrono Boost)  
  30  5:20  Pylon  
  31  5:28  Probe  
  36  5:40  Void Ray (Chrono Boost)  
  39  5:52  Pylon  
  39  5:56  Assimilator  
  39  6:01  Assimilator, Probe  
  40  6:09  Void Ray  
  40  6:13  Probe  
  45  6:19  Probe  
  45  6:25  Probe  
  47  6:29  Void Ray  
  51  6:42  Shield Battery  
  51  6:44  Shield Battery  
  51  6:46  Probe x2 (Chrono Boost)  
  53  6:58  Probe (Chrono Boost)  
  53  6:59  Probe (Chrono Boost)  
  55  7:02  Void Ray  
  59  7:22  Void Ray  
  63  8:14  Probe x2  
  63  8:17  Stargate  
  65  8:25  Photon Cannon  
  65  8:26  Oracle, Pylon  
  68  8:29  Shield Battery  
  68  8:33  Pylon  
  68  8:36  Pylon  
  68  8:37  Pylon  
  68  8:54  Oracle  
  63  9:03  Oracle  
  63  9:05  Twilight Council  
  63  9:09  Gateway  
  66  9:10  Gateway  
  66  9:12  Oracle  
  66  9:13  Gateway  
  66  9:15  Gateway  
  68  9:28  Pylon  
  68  9:30  Pylon  
  68  9:32  Oracle  
  71  9:47  Oracle  
  70  9:59  Oracle  
  73  10:07  Probe (Chrono Boost)  
  73  10:08  Probe (Chrono Boost)  
  75  10:19  Probe (Chrono Boost)  
  75  10:20  Probe (Chrono Boost)  
  77  10:26  Probe x2 (Chrono Boost)  
  77  10:27  Oracle (Chrono Boost)  
  82  10:33  Probe  
  83  10:37  Oracle (Chrono Boost)  
  83  10:40  Oracle (Chrono Boost)  
  89  10:50  Charge  
  89  11:01  Oracle (Chrono Boost)  
  92  11:04  Zealot x3  
  98  11:17  Oracle  
  101  11:18  Zealot  
  103  11:31  Zealot x2  
  92  11:59  Oracle x2  
  92  12:00  Oracle  
  94  12:08  Zealot (Chrono Boost)  
  94  12:10  Zealot x2 (Chrono Boost)  
  94  12:11  Zealot (Chrono Boost)  
  98  12:33  Zealot (Chrono Boost)  
  106  12:40  Zealot x3 (Chrono Boost)  
  106  12:42  Pylon  
  106  12:43  Pylon x2  
  106  12:54  Void Ray  
  106  12:55  Void Ray  
  106  13:01  Zealot  
  106  13:02  Zealot x2  
  106  13:03  Zealot  
  100  13:36  Void Ray  
  93  13:53  Stalker x4  
  77  14:23  Stalker x2 (Chrono Boost)  
  81  14:26  Void Ray (Chrono Boost)  
  81  14:27  Void Ray x2 (Chrono Boost)  
  81  14:30  Stalker x2 (Chrono Boost)  
  85  14:39  Probe  
  85  14:42  Pylon  
  85  14:43  Pylon  
  85  14:44  Stalker x2 (Chrono Boost)  
  84  14:51  Probe  
  89  14:53  Stalker  
  91  15:00  Stalker  
  91  15:02  Void Ray (Chrono Boost)  
  91  15:03  Probe  
  98  15:09  Nexus  
  98  15:11  Pylon  
  98  15:15  Stalker  
  98  15:16  Stalker  
  98  15:20  Void Ray  
Tags
 
Add a new tag
Caveats
  • Supply blocks, unpowered buildings, or Contaminate may cause inaccurate times.
  • Supply counts are checked every 10 seconds.